 Dungeon Crawl Stone Soup version 0.32-a0-120-gfac0567ad4 (webtiles) character file.

Game seed: 5680381286160967499

54 cforsyth the Magician (level 4, 0/35 HPs)
             Began as a Djinni Warper on Feb 7, 2024.
             Was an Initiate of Makhleb.
             Slain by a phantom (1 damage)
             ... on level 2 of the Dungeon.
             The game lasted 00:02:36 (1874 turns).

cforsyth the Magician (Djinni Warper)               Turns: 1874, Time: 00:02:37

Health: 0/35       AC:  9    Str: 10    XL:     4   Next: 12%
Gold:   15         EV: 11    Int: 16    God:    Makhleb [......] SH:  0 Dex: 13

rFire   + + +        a - +0 falchion
rCold   x . .        (no shield)
rNeg    . . .        j - +2 leather armour {rF+}
rPois   ∞            (no helmet)
rElec   .            (no cloak)
rCorr   .            (no gloves)
SInv    .            (boots unavailable)
Will    .....        (no amulet)
Stlth   +            T - +4 ring of protection
HPRegen 0.25/turn    (no ring)
MPRegen 0.00/turn

%: infuse magic (-1 HP)
@: flying
A: sickness immunity, fire resistance 2, cold vulnerability 1, float, innate
caster, HP casting, extra vitality 1
a: Renounce Religion


You were on level 2 of the Dungeon.
You worshipped Makhleb.
Makhleb was noncommittal.
You visited 1 branch of the dungeon, and saw 3 of its levels.

You collected 15 gold pieces.


Innate Abilities, Weirdness & Mutations

You are immune to sickness and miasma.
You are immune to poison.
Your flesh is very heat resistant. (rF++)
You are vulnerable to cold. (rC-)
You float through the air rather than walking.
You learn spells naturally, not from books.
Your magical power is your life essence.
You have superior vitality. (+4 MHP)


   Skills:
 + Level 3.2 Fighting
 - Level 1.7 Long Blades
 - Level 0.7 Throwing
 - Level 1.0 Armour
 - Level 2.1 Dodging
 + Level 3.5 Spellcasting
 + Level 3.5 Conjurations
 + Level 3.5 Hexes
 + Level 3.5 Summonings
 + Level 3.5 Necromancy
 + Level 3.5 Translocations
 + Level 3.5 Fire Magic
 + Level 3.5 Ice Magic
 + Level 3.5 Air Magic
 + Level 3.5 Earth Magic
 + Level 3.5 Alchemy


You knew the following spells:

 Your Spells              Type           Power      Damage    Failure   Level
a - Apportation           Tloc           28%        N/A       6%          1
l - Lesser Beckoning      Tloc           28%        N/A       9%          2
m - Manifold Assault      Tloc           14%        N/A       50%         4
t - Teleport Other        Tloc           14%        N/A       17%         3
B - Blink                 Tloc           28%        N/A       9%          2
X - Vhi's Electric Charg  Tloc/Air       28%        N/A       50%         4
Your spell library was empty.

Inventory:

Hand Weapons
 a - a +0 falchion (weapon)
Missiles
 d - 7 darts of dispersal (quivered) {=f=f}
 g - 3 poisoned darts
Armour
 b - a +0 leather armour
 j - a +2 leather armour of fire resistance (worn)
 k - a +0 cloak
Jewellery
 T - a +4 ring of protection (left hand)
Scrolls
 c - a scroll of blinking
 e - 2 scrolls of identify {unknown}
 l - a scroll of fear {unknown}
Potions
 f - 2 potions of curing {unknown}
 h - 2 potions of enlightenment {unknown}
 i - a potion of heal wounds {unknown}

Dungeon Overview and Level Annotations

Branches:
Dungeon (3/15)

Altars:
Makhleb

#.#...# #######...#..###...
###.###.# #.........#..# ###.
#...# #.# #............# #.
#####.### #.# #........##>.# #.
......# #.###........###.# #.
......#####...'.....)).# #.# #.
...⚑..'..######........###.######
......##.# #WK......'.........
......##.# #.@......###.#####.
......##.# #........# #.# #.
......##.# #........###.#####.
......##.# #..................
########.######.........##......#
.........#....'.........##.####.#
##########.####.........##.# #.#
#...............##.#'#.#### #.#
#.#######.#####.##.#.#.# #.#


You could see a phantom and a kobold.


Message History

The kobold throws a stone.
The stone barely misses you.
You hit the phantom.
The phantom is almost destroyed.
You feel ready to blink again. The phantom closely misses you.
You closely miss the kobold. The phantom barely misses you.
The kobold hits you with a +2 short sword of draining.
* * * LOW HITPOINT WARNING * * *
You hit the kobold.
The kobold is severely wounded.
The phantom hits you but does no damage.
The kobold hits you but does no damage.
You barely miss the kobold.
The kobold is severely wounded.
The phantom closely misses you. The kobold hits you but does no damage.
The phantom hits you.
* * * LOW HITPOINT WARNING * * *
The kobold hits you but does no damage.
You closely miss the kobold.
The kobold is severely wounded.
The phantom closely misses you. The kobold barely misses you.
You hit the kobold but do no damage.
The kobold is severely wounded.
The phantom hits you.
* * * LOW HITPOINT WARNING * * *
The kobold hits you but does no damage.
You closely miss the kobold.
The kobold is severely wounded.
The phantom hits you.
You die...

Skill      XL: |  1  2  3 |
---------------+----------+-----
Spellcasting   | 3 |  3.5
Conjurations   | 3 |  3.5
Hexes          | 3 |  3.5
Summonings     | 3 |  3.5
Necromancy     | 3 |  3.5
Translocations | 3 |  3.5
Fire Magic     | 3 |  3.5
Ice Magic      | 3 |  3.5
Air Magic      | 3 |  3.5
Earth Magic    | 3 |  3.5
Alchemy        | 3 |  3.5
Fighting       | 3 |  3.2
Long Blades    | |  1.7
Throwing       | |  0.7
Armour         | |  1.0
Dodging        | |  2.1

Action                     |  1- 3 |  4- 6 || total
---------------------------+-------+-------++-------
  Melee: Falchion          |   105 |    43 ||   148
         Punch             |     3 |     1 ||     4
   Cast: Blink             |       |     1 ||     1
 Armour: Leather armour    |    71 |    50 ||   121
  Dodge: Dodged            |    80 |    39 ||   119

Levels and vault maps discovered:
D:1:      dpeg_arrival_shrine, layout_basic, minmay_pentomino_p2
D:2:      layout_basic, basic_altar, basic_ecumenical_altar, serial_bayou_pond_e
D:3:      layout_rooms, grunt_qazlal_sundering, nicolae_vehumet_altar_sigil

Notes
Turn   | Place    | Note
-------+----------+-------------------------------------------
     0 | D:1      | cforsyth the Djinni Warper began the quest for the Orb.
     0 | D:1      | cforsyth set off with the following spells memorised:
                  | Blink, Lesser Beckoning, Teleport Other, Manifold Assault,
                  | Vhi's Electric Charge.
     0 | D:1      | Reached XP level 1. HP: 18/18 MP: 0/0
    39 | D:1      | Reached skill level 3 in Spellcasting
    39 | D:1      | Reached skill level 3 in Conjurations
    39 | D:1      | Reached skill level 3 in Hexes
    39 | D:1      | Reached skill level 3 in Summonings
    39 | D:1      | Reached skill level 3 in Necromancy
    39 | D:1      | Reached skill level 3 in Translocations
    39 | D:1      | Reached skill level 3 in Fire Magic
    39 | D:1      | Reached skill level 3 in Ice Magic
    39 | D:1      | Reached skill level 3 in Air Magic
    39 | D:1      | Reached skill level 3 in Earth Magic
    39 | D:1      | Reached skill level 3 in Alchemy
    57 | D:1      | Reached XP level 2. HP: 19/23 MP: 0/0
   239 | D:1      | Reached XP level 3. HP: 29/29 MP: 0/0
   239 | D:1      | Learned a level 1 spell: Apportation
   896 | D:2      | Reached skill level 3 in Fighting
   902 | D:2      | Found a burning altar of Makhleb.
  1117 | D:2      | Reached XP level 4. HP: 35/35 MP: 0/0
  1259 | D:2      | Found a faded altar of an unknown god.
  1680 | D:2      | Became a worshipper of Makhleb the Destroyer
  1840 | D:3      | Noticed a phantom
  1873 | D:2      | HP: 1/35 [phantom (4)]
  1874 | D:2      | Slain by a phantom

Vanquished Creatures
  An adder (D:2)
  A dart slug (D:2)
  5 ball pythons
  8 bats
  5 endoplasms (D:1)
  3 goblins
  3 hobgoblins (D:1)
  4 quokkas (D:1)
  5 kobolds
  2 rats
37 creatures vanquished.

Table legend: (Time is in decaauts)
 A = Elapsed time spent in this place.
 B = Non-inter-level travel time spent in this place.
 C = Inter-level travel time spent in this place.
 D = Time resting spent in this place.
 E = Time spent auto-exploring this place.
 F = Levels seen in this place.
 G = Mean time per level.
                   A        B        C        D        E       F      G
               +--------+--------+--------+--------+--------+-----+--------+
         Total |   1905 |   1654 |    251 |      0 |   1320 |   3 |  635.0 |
       Dungeon |   1905 |   1654 |    251 |      0 |   1320 |   3 |  635.0 |
               +--------+--------+--------+--------+--------+-----+--------+

Top non-repeatable levels by time:
     D:2: 1166 daAuts
     D:1: 736 daAuts
     D:3: 3 daAuts

Table legend:
 A = Non-vault XP
 B = Vault XP
 C = Vault XP percentage of total XP
 D = Non-vault monster count
 E = Vault monster count
 F = Vault count percentage of total count
                 A         B        C        D         E       F
            +---------+---------+-------+---------+---------+-------
      Total |      74 |       4 |   5.1 |      35 |       2 |   5.4
            +---------+---------+-------+---------+---------+-------
        D:1 |      38 |       4 |   9.5 |      22 |       2 |   8.3
        D:2 |      36 |       0 |   0.0 |      13 |       0 |   0.0
            +---------+---------+-------+---------+---------+-------
